 Dungeon Crawl Stone Soup version 0.27.1-1-g398f81649c (webtiles) character file.

Game seed: 7759781697409043375

64171 Metae the Tortoise (level 14, -22/121 (133) HPs)
             Began as a Minotaur Fighter on Sept 11, 2021.
             Was a High Priest of Okawaru.
             Annihilated by an orc warrior (24 damage)
             ... on level 2 of the Orcish Mines on Sept 12, 2021.
             The game lasted 01:48:35 (28068 turns).

Metae the Tortoise (Minotaur Fighter)              Turns: 28068, Time: 01:48:36

HP:   -22/121 (133) AC: 14    Str: 25    XL:     14   Next: 70%
MP:   9/11          EV: 12    Int:  5    God:    Okawaru [*****.]
Gold: 849           SH: 19    Dex: 11    Spells: 13/13 levels left

rFire    + + +     SeeInvis .   B - +10 spear "Luann" {drain, rF+ rCorr MP-9}
rCold    x . .     Faith    .   c - +0 kite shield
rNeg     . . .     Spirit   .   T - +0 fire dragon scales
rPois    .         Reflect  +   (helmet restricted)
rElec    .         Harm     .   U - scarf {repulsion}
rCorr    +         Rampage  .   Y - +3 pair of gauntlets of War {Slay+5}
Will     ++...                  W - +0 pair of boots {Fly}
Stlth    +.........             q - amulet of reflection
HPRegen  0.30/turn              z - ring of willpower
MPRegen  0.12/turn              S - +4 ring of protection

@: mighty, heroic, corroded, flying, drained, repel missiles
A: horns 2, retaliatory headbutt
a: Renounce Religion, Heroism, Finesse


You were on level 2 of the Orcish Mines.
You worshipped Okawaru.
Okawaru was extremely pleased with you.
You visited 4 branches of the dungeon, and saw 21 of its levels.
You also visited: Volcano.

You collected 1579 gold pieces.
You spent 730 gold pieces at shops.

Inventory:

Hand Weapons
 a - the +11 hand axe of Wyozofudgh {flame, rCorr Str-3 Dex+3}
   (You bought it in a shop on level 3 of the Dungeon)

   It burns those it strikes, dealing additional fire damage.
   Big, fiery blades are also staple armaments of hydra-hunters.
   Str:       It affects your strength (-3).
   Dex:       It affects your dexterity (+3).
   rCorr:     It protects you from acid and corrosion.
 b - a +0 hunting sling
 d - the +5 halberd "Diticsal" {protect, rC++}
   (You found it in a volcano)

   It grants its wielder temporary protection when it strikes (+7 to AC).
   rC:        It greatly protects you from cold.
 f - a +4 morningstar of protection
 B - the +10 spear "Luann" (weapon) {drain, rF+ rCorr MP-9}
   (You found it on level 6 of the Lair of Beasts)

   A truly terrible weapon, it drains the life of any living foe it strikes.
   rF:        It protects you from fire.
   MP:        It affects your magic capacity (-9).
   rCorr:     It protects you from acid and corrosion.
Missiles
 i - 458 stones
 v - 112 sling bullets
Armour
 c - a +0 kite shield (worn)
 j - a +1 crystal plate armour
 C - a +0 plate armour
 L - a scarf of resistance
 T - +0 fire dragon scales (worn)
 U - a scarf of repulsion (worn)
 W - a +0 pair of boots of flying (worn)
 Y - the +3 pair of gauntlets of War (worn) {Slay+5}
   (You acquired it on level 2 of the Lair of Beasts)

   Slay:      It affects your accuracy & damage with ranged weapons and melee
   (+5).
Jewellery
 q - an amulet of reflection (around neck)
 y - a +4 ring of evasion
 z - a ring of willpower (left hand)
 J - a ring of flight
 S - a +4 ring of protection (right hand)
Wands
 o - a wand of charming (5)
 F - a wand of paralysis (5)
 G - a wand of flame (43)
 N - a wand of mindburst (25)
 P - a wand of polymorph (5)
 R - a wand of iceblast (7)
Scrolls
 e - 9 scrolls of teleportation
 h - 2 scrolls of holy word
 k - a scroll of enchant armour
 l - a scroll of torment
 n - 4 scrolls of noise
 p - 2 scrolls of amnesia
 u - 3 scrolls of summoning
 A - 3 scrolls of brand weapon
 H - a scroll of enchant weapon
 Z - 3 scrolls of fog
Potions
 m - 5 potions of brilliance
 t - a potion of ambrosia {unknown}
 w - 3 potions of haste {unknown}
 x - 4 potions of lignification
 D - a potion of invisibility {unknown}
 E - 4 potions of degeneration {unknown}
 K - a potion of heal wounds
 M - a potion of mutation {unknown}
 O - 2 potions of flight {unknown}
 Q - 3 potions of attraction
 X - 4 potions of curing
Miscellaneous
 g - a phantom mirror
 V - a phial of floods (inert)


   Skills:
 + Level 14.9(19.9) Fighting
 - Level 8.2(16.5) Axes
 - Level 11.7(17.6) Maces & Flails
 + Level 5.4(12.6) Polearms
 + Level 15.0(20.0) Armour
 + Level 10.3(15.3) Shields
 - Level 10.0 Invocations
 - Level 6.9 Evocations


You had 13 spell levels left.
You didn't know any spells.
Your spell library contained the following spells:

 Spells                   Type           Power      Damage    Failure   Level
 Summon Small Mammal      Summ           0%         N/A       69%         1
 Passwall                 Tmut/Erth      0%         N/A       83%         2
 Static Discharge         Conj/Air       0%         N/A       83%         2
 Call Canine Familiar     Summ           0%         N/A       96%         3
 Ozocubu's Armour         Ice            0%         N/A       96%         3
 Summon Guardian Golem    Hex/Summ       0%         N/A       96%         3
 Swiftness                Air            0%         N/A       96%         3
 Dispel Undead            Necr           0%         3d6       100%        4
 Sticky Flame             Conj/Fire      0%         2d3       100%        4
 Metabolic Englaciation   Hex/Ice        0%         N/A       100%        5
 Dispersal                Tloc           0%         N/A       100%        6
 Invisibility             Hex            0%         N/A       100%        6
 Simulacrum               Ice/Necr       0%         N/A       100%        6
 Starburst                Conj/Fire      0%         6d3       100%        6
 Disjunction              Tloc           0%         N/A       100%        8


Dungeon Overview and Level Annotations

Branches:
Dungeon (12/15)            Temple (1/1) D:5            Lair (6/6) D:10
 Shoals (0/4) Lair:4        Snake (0/4) Lair:3          Orc (2/2) D:10
Volcano (visited)
  Slime: Lair:5-6       Elf: Orc:2

Altars:
Ashenzari
Cheibriados
Dithmenos
Elyvilon
Fedhas
Gozag
Hepliaklqana
Kikubaaqudgha
Makhleb
Nemelex Xobeh
Okawaru
Qazlal
Ru
Sif Muna
Trog
Uskayaw
Vehumet
Wu Jian
Xom
Yredelemnul
Zin
The Shining One
Beogh

Shops:
D:1 :   D:3 (   D:9 :   Orc:2 *

Portals:
Trove: D:12 (give +2 storm dragon scales)

Annotations:
Lair:6 exclusion: 3 oklob plants
Orc:2 3 runed translucent doors, Silentstumbler's ghost, journeyman MiBe


Innate Abilities, Weirdness & Mutations

You have a pair of horns on your head.
You reflexively headbutt those who attack you in melee.


Message History

The rust devil hits you. The rust devil corrodes you!
You block the orc warrior's attack.
You feel much better.
The orc is no longer waterlogged.
The orc warrior no longer looks unusually strong.
The orc sorcerer no longer looks unusually strong.
The orc high priest no longer looks unusually strong.
You block the soul eater's attack. The chaos spawn gores you!
You feel very mighty all of a sudden. You block the orc knight's attack.
The ice devil completely misses you. You furiously retaliate!
You headbutt the ice devil. The rust devil barely misses you.
You furiously retaliate!
You headbutt the rust devil. You block the orc warrior's attack.
The orc sorcerer casts a spell at you.
The bolt of negative energy hits the chaos spawn.
The chaos spawn completely resists.
The bolt of negative energy hits you!!
You feel drained.
* * * LOW HITPOINT WARNING * * *
Okay, then.
Blink to where?
Press: ? - help, Dir - move target
As you read the scroll of blinking, it crumbles to dust.
The orc warrior no longer looks unusually strong.
The orc knight roars a battlecry!
The orcs go into a battle-frenzy!
The orc sorcerer casts a spell.
The rust devil disappears in a puff of smoke!
The orc high priest mumbles some strange prayers to Beogh against you.
Beogh smites you!
* * * LOW HITPOINT WARNING * * *
The orc sorcerer gestures wildly while chanting.
You feel much better.
The orc no longer looks unusually strong.
The orc knight roars a battlecry!
The orc goes into a battle-frenzy!
The soul eater draws from the surrounding life force!
* * * LOW HITPOINT WARNING * * *
As you read the scroll of fog, it crumbles to dust.
The scroll dissolves into smoke.
The orc warrior hits you from afar with a +0 trident!!
You die...

..#...............####..)....3.#
..##.............$[[.).))).....##
.###.....#.#..#..#[[..)$.........
###...........#................#.
##..........#.............#.###
#.....[....#..............##
#.....#........§.§.#......#.##
#....#.#....#..§§§###....####
##......#......§@§o##....##.##
###....##.....§o§3..o.......#
#....##.........o4oo......##
##.#.#.......)....).......#
##............).3.4o..#....
##.#............<4........$
####............4.....^...
##............._.......
#....................


You could see 2 orc knights, a soul eater (summoned), an orc high priest
(strong), a hellwing (summoned), a sixfirhy (summoned), a chaos spawn
(summoned), an orc sorcerer (strong), a red devil (summoned), 2 orc warriors and
an orc priest (strong).

Vanquished Creatures
  Gastronok (Lair:3)
  An orc warlord (Orc:2)
  A red draconian (Volcano)
  Snorg (D:11)
  A boulder beetle (D:11)
  8 hydras
  A catoblepas (Lair:6)
  4 two-headed ogres
  3 death yaks (Lair:6)
  Nergalle (D:11)
  Sonja (D:10)
  The ghost of Zleub the Cleaver, a novice HOFi of Beogh (D:6)
  A salamander mystic (Volcano)
  2 lindwurms (Lair:6)
  A deep elf pyromancer (D:11)
  2 orc knights
  3 orc sorcerers
  4 salamanders (Volcano)
  A cyclops (Orc:1)
  4 manticores
  Maurice (D:8)
  9 elephants (Lair:6)
  10 black mambas
  2 molten gargoyles (Volcano)
  7 cane toads
  6 torpor snails
  2 unseen horrors (D:12)
  6 kobold demonologists
  9 komodo dragons
  2 guardian mummies (D:12)
  4 rime drakes
  A polar bear (Lair:6)
  A merfolk (D:9)
  2 trolls
  A meliai zombie (D:10)
  15 blink frogs
  4 slime creatures (D:12)
  3 dream sheep (Lair:6)
  Sigmund (D:4)
  A shadow (D:9)
  38 yaks
  3 basilisks
  8 wyverns
  Grum (D:11)
  2 fire bats (Volcano)
  2 steam dragons
  9 vampire mosquitoes
  A warg (Orc:2)
  12 water moccasins
  An ice beast (D:8)
  3 sky beasts
  A black bear (D:6)
  15 orc warriors
  4 ogres
  2 necrophages
  15 wolves
  A phantom (D:5)
  2 centaurs
  A gnoll sergeant (D:9)
  3 kobold brigands
  16 bullfrogs
  A scorpion (D:5)
  A wyvern skeleton (D:6)
  11 killer bees
  A howler monkey (D:7)
  2 electric eels
  3 centaur zombies
  6 lava snakes (Volcano)
  A bullfrog zombie (D:5)
  3 hounds
  8 orc priests
  2 bullfrog skeletons (D:6)
  2 centaur skeletons (D:7)
  3 iguanas
  Natasha (D:2)
  13 orc wizards
  A killer bee zombie (D:6)
  2 howler monkey zombies
  Robin (D:2)
  5 adders
  9 gnolls
  A howler monkey skeleton (D:5)
  3 shadow imps
  2 white imps
  An ufetubus (D:6)
  A worm (D:5)
  2 dart slugs
  61 orcs
  9 bats
  4 endoplasms
  3 giant cockroaches (D:1)
  11 goblins
  14 hobgoblins
  3 jackals (D:4)
  18 kobolds
  6 quokkas
  5 ball pythons
  6 rats
495 creatures vanquished.

Vanquished Creatures (others)
  13 fungi
  32 plants
45 creatures vanquished.

Grand Total: 540 creatures vanquished

Notes
Turn   | Place    | Note
-------+----------+-------------------------------------------
     0 | D:1      | Metae the Minotaur Fighter began the quest for the Orb.
     0 | D:1      | Reached XP level 1. HP: 19/19 MP: 0/0
   375 | D:1      | Reached XP level 2. HP: 25/27 MP: 1/1
   536 | D:1      | Found Pebloenwi's Book Boutique.
   619 | D:1      | Reached skill level 4 in Armour
   849 | D:1      | Reached XP level 3. HP: 27/33 MP: 2/2
  1066 | D:2      | Noticed Robin
  1075 | D:2      | Killed Robin
  1190 | D:2      | You fall into a shaft and drop 1 floor!
  1190 | D:3      | Found Cuasecos's Weapon Boutique.
  1275 | D:3      | Reached XP level 4. HP: 40/40 MP: 3/3
  1621 | D:2      | Noticed Natasha
  1629 | D:2      | Killed Natasha
  2344 | D:3      | Found a faded altar of an unknown god.
  2587 | D:4      | Found an opulent altar of Gozag.
  2741 | D:4      | Found a glowing silver altar of Zin.
  2742 | D:4      | Found a broken altar of Ashenzari.
  2744 | D:4      | Found a snail-covered altar of Cheibriados.
  2744 | D:4      | Found an ornate altar of the Wu Jian Council.
  2767 | D:4      | Reached XP level 5. HP: 31/47 MP: 4/4
  2958 | D:4      | Noticed Sigmund
  3013 | D:4      | Killed Sigmund
  3014 | D:4      | Reached skill level 5 in Fighting
  3014 | D:4      | Reached skill level 5 in Armour
  3014 | D:4      | Reached skill level 5 in Shields
  3014 | D:4      | Reached XP level 6. HP: 21/56 MP: 5/5
  3441 | D:4      | Noticed a sky beast
  3453 | D:4      | Killed a sky beast
  3454 | D:4      | Reached skill level 1 in Maces & Flails
  3454 | D:4      | Reached XP level 7. HP: 48/62 MP: 6/6
  3684 | D:5      | Entered Level 5 of the Dungeon
  3857 | D:5      | Reached skill level 6 in Armour
  3899 | D:5      | Found a shadowy altar of Dithmenos.
  5035 | D:5      | Found a staircase to the Ecumenical Temple.
  5334 | Temple   | Entered the Ecumenical Temple
  5589 | Temple   | Became a worshipper of Warmaster Okawaru
  5734 | D:4      | You fall into a shaft and drop 2 floors!
  5741 | D:6      | Reached XP level 8. HP: 64/71 MP: 7/7
  5831 | D:6      | Reached skill level 7 in Armour
  6365 | D:6      | Reached * piety under Okawaru
  6644 | D:6      | Found a runed translucent door.
  6649 | D:6      | Noticed Zleub's ghost (novice HOFi)
  6951 | D:6      | Killed Zleub's ghost
  6951 | D:6      | Reached ** piety under Okawaru
  6952 | D:6      | Reached skill level 5 in Maces & Flails
  6952 | D:6      | Reached skill level 8 in Armour
  6952 | D:6      | Reached XP level 9. HP: 19/81 MP: 8/8
  7975 | D:7      | Found a hazy altar of Hepliaklqana.
  8556 | D:8      | Noticed Maurice
  8567 | D:8      | Killed Maurice
  8567 | D:8      | Reached *** piety under Okawaru
  8674 | D:8      | Reached skill level 9 in Armour
  9176 | D:9      | Found a hide-covered altar of Uskayaw.
  9331 | D:9      | Noticed a two-headed ogre
  9341 | D:9      | Killed a two-headed ogre
  9341 | D:9      | Reached **** piety under Okawaru
  9342 | D:9      | Reached XP level 10. HP: 36/91 MP: 9/9
  9721 | D:9      | Reached ***** piety under Okawaru
 10022 | D:9      | Found Loanet's Book Boutique.
 10202 | D:9      | Received a gift from Okawaru
 10212 | D:9      | Reached skill level 10 in Armour
 10228 | D:9      | Reached skill level 1 in Invocations
 10228 | D:9      | Reached skill level 1 in Evocations
 10231 | D:9      | Reached skill level 10 in Fighting
 10488 | D:9      | Found a blossoming altar of Fedhas.
 10582 | D:9      | Identified the +1 hat of a volcano {Harm +Blink rF++ Int-4}
                  | (Okawaru gifted it to you on level 9 of the Dungeon)
 10582 | D:9      | Received a gift from Okawaru
 10583 | D:9      | Reached skill level 10 in Shields
 10634 | D:10     | Entered Level 10 of the Dungeon
 11357 | D:10     | Found a staircase to the Orcish Mines.
 11436 | D:10     | Found a staircase to the Lair.
 11946 | D:10     | Noticed Sonja
 12521 | D:10     | Killed Sonja
 12522 | D:10     | Reached XP level 11. HP: 101/101 MP: 12/12
 12962 | D:10     | Identified a scroll of acquirement
 12962 | D:10     | Acquired a +3 morningstar of protection
 13128 | D:11     | Noticed a two-headed ogre
 13137 | D:11     | Killed a two-headed ogre
 13495 | D:11     | Reached skill level 11 in Armour
 13519 | D:11     | Noticed a deep elf pyromancer
 13528 | D:11     | Killed a deep elf pyromancer
 13649 | D:11     | Noticed a two-headed ogre
 13657 | D:11     | Killed a two-headed ogre
 13804 | D:11     | Noticed Snorg
 13815 | D:11     | Killed Snorg
 13859 | D:11     | Noticed Grum
 13881 | D:11     | Killed Grum
 14183 | D:11     | Reached skill level 10 in Maces & Flails
 14211 | D:11     | Reached skill level 5 in Invocations
 14213 | D:11     | Noticed a sun demon
 14534 | D:11     | Noticed a boulder beetle
 14562 | D:11     | Killed a boulder beetle
 14831 | D:11     | Noticed Nergalle
 14857 | D:11     | Killed Nergalle
 16270 | D:12     | Received a gift from Okawaru
 16280 | D:11     | Reached skill level 12 in Armour
 16879 | D:12     | Reached XP level 12. HP: 90/112 MP: 15/15
 17103 | D:12     | Noticed a four-headed hydra
 17113 | D:12     | Killed a four-headed hydra
 17153 | D:12     | Noticed a two-headed ogre
 17174 | D:11     | Killed a two-headed ogre
 17679 | D:12     | Got the Reference Book on Quantum Flames
 17775 | D:12     | Found a portal to a secret trove of treasure.
 18087 | Lair:1   | Entered Level 1 of the Lair of Beasts
 18815 | D:3      | Bought the +11 hand axe of Wyozofudgh {flame, rCorr Str-3
                  | Dex+3} for 730 gold pieces
 19029 | Lair:1   | Reached skill level 13 in Armour
 19029 | Lair:1   | Found a snail-covered altar of Cheibriados.
 19044 | Lair:1   | Reached skill level 1 in Axes
 19370 | Lair:1   | Noticed an eight-headed hydra
 19380 | Lair:1   | Killed a one-headed hydra
 20257 | Lair:2   | Noticed a six-headed hydra
 20259 | Lair:2   | Noticed an eight-headed hydra
 20265 | Lair:2   | Killed a two-headed hydra
 20266 | Lair:2   | Reached XP level 13. HP: 108/122 MP: 14/17
 20272 | Lair:2   | Received a gift from Okawaru
 21012 | Lair:2   | Acquired the +3 pair of gauntlets of War {Slay+5}
 21012 | Lair:2   | Found the +3 pair of gauntlets of War {Slay+5}
 21070 | Lair:3   | Found a staircase to the Snake Pit.
 21515 | Lair:3   | Noticed Gastronok
 21531 | Lair:3   | Killed Gastronok
 22234 | Lair:4   | Reached skill level 5 in Axes
 22297 | Lair:4   | Found a dark tunnel.
 22302 | Volcano  | Entered a volcano
 22571 | Volcano  | Reached skill level 5 in Evocations
 22735 | Volcano  | Found a bloodstained altar of Trog.
 22814 | Volcano  | Received a gift from Okawaru
 22815 | Volcano  | Identified the +5 halberd "Diticsal" {protect, rC++}
 22855 | Volcano  | Noticed a red draconian
 22878 | Volcano  | Killed a red draconian
 23317 | Lair:4   | Reached skill level 14 in Armour
 23557 | Lair:4   | Found a staircase to the Shoals.
 24575 | Lair:5   | Identified the +1 chain mail of Circular Logic {+Inv Str-4
                  | Int+6}
 24753 | Lair:5   | Received a gift from Okawaru
 24760 | Lair:5   | Reached XP level 14. HP: 78/132 MP: 16/19
 25188 | Lair:6   | Entered Level 6 of the Lair of Beasts
 25281 | Lair:6   | Found the +8 glaive of the Guard {elec, spectral, AC+5}
 26139 | Lair:6   | Identified the +10 spear "Luann" {drain, rF+ rCorr MP-9}
 26353 | Lair:6   | Reached skill level 10 in Invocations
 26858 | Orc:1    | Entered Level 1 of the Orcish Mines
 26944 | Orc:1    | Received a gift from Okawaru
 27324 | Orc:2    | Entered Level 2 of the Orcish Mines
 27407 | Orc:2    | Found a runed translucent gate.
 27407 | Orc:2    | Found a runed translucent gate.
 27407 | Orc:2    | Found a runed translucent gate.
 27409 | Orc:2    | Found an opulent altar of Gozag.
 27419 | Orc:2    | Noticed Silentstumbler's ghost (journeyman MiBe)
 27420 | Orc:2    | Found Sezetic's Assorted Antiques.
 27472 | Orc:2    | Noticed an orc warlord
 27496 | Orc:2    | Killed an orc warlord
 27497 | Orc:2    | Reached skill level 5 in Polearms
 28063 | Orc:2    | Reached skill level 15 in Armour
 28066 | Orc:2    | HP: 3/121 [orc high priest/divine providence (14)]
 28068 | Orc:2    | Annihilated by an orc warrior

Illustrated notes

Levels and vault maps discovered:
D:1:      lemuel_arrival_lava_pool, layout_basic, serial_shops,
          nicolae_shop_behind_doors
D:2:      layout_loops_cross, minmay_misc_feat_cross, minmay_crystal_room,
          uniq_robin, uniq_natasha
D:3:      layout_rooms, serial_shops, shop,
          shapermc_ecumenical_altar_mp_vishouse
D:4:      layout_loops_cross, nicolae_gozag_seed_capital,
          chequers_temple_overflow_statue_of_worship, minmay_misc_feat_rugged,
          uniq_sigmund
D:5:      layout_cave_pods, grunt_dithmenos_shadows,
          minmay_temple_entry_antechambers
D:6:      layout_basic, ebering_ghost_reflecting_pool
D:7:      layout_cave_pods, mainiacjoe_overflow_surrounded_room,
          kennysheep_generic_room_4
D:8:      layout_gridville, eino_curves_04, uniq_maurice
D:9:      layout_rooms, mainiacjoe_overflow_alcove_2,
          nicolae_overflow_hidden_temple, serial_shops, nicolae_shop_crystal,
          hangedman_fish_farm
D:10:     layout_cave_pools, david_lair_shrubbed, hiddenorc1_lemuel,
          minmay_lizard_king, uniq_sonja
D:11:     layout_basic, uniq_grum, uniq_snorg, uniq_nergalle
D:12:     layout_rooms, nicolae_trove_entry_path_of_doom
Temple:   nicolae_temple_figure_eight
Lair:1:   layout_roguey, kennysheep_snail_temple
Lair:2:   layout_long_grid, serial_bayou_shore_b
Lair:3:   layout_hall_layers, minmay_snake_entry_six_corridors,
          serial_bayou_lagoon_a, grunt_megastairs_2, uniq_gastronok
Lair:4:   layout_concentric_octagons, shoals_dummy_entry, enter_volcano_4
Lair:5:   layout_cave_pods, nicolae_quartered_pool_medium
Lair:6:   hangedman_lair_in_review, layout_big_grid,
          minmay_slime_entry_oklob_enclosed, minmay_lair_oklob_chamber,
          infiniplex_staircase_pool
Orc:1:    layout_caves, portal_ice_cave_entry_pillars_2, basic_altar
Orc:2:    grunt_orc_tribal_feast, layout_caves, basic_altar,
          ebering_ghost_gozag, okawaru_metal_pillars_1_2

Skill      XL: |  1  2  3  4  5  6  7  8  9 10 11 12 13 14 |
---------------+-------------------------------------------+-----
Armour         | 4 5 6 8 9 10 12 13 14 15 | 15.0
Shields        | 4 5 6 8 9 10 | 10.3
Fighting       | 4 5 6 8 9 10 11 13 14 | 14.9
Polearms       | 3 4 5 |  5.4
Maces & Flails | 1 3 5 7 8 10 11 | 11.7
Invocations    | 3 5 7 9 10 | 10.0
Evocations     | 2 3 5 6 |  6.9
Axes           | 2 6 8 |  8.2

Action                   |  1- 3 |  4- 6 |  7- 9 | 10-12 | 13-15 || total
-------------------------+-------+-------+-------+-------+-------++-------
Melee: Trident           |   107 |    97 |       |       |       ||   204
       Headbutt          |    13 |    16 |    58 |   143 |   124 ||   354
       Flail             |       |     9 |   276 |   383 |       ||   668
       Morningstar       |       |       |       |   223 |       ||   223
       Hand axe          |       |       |       |    66 |   383 ||   449
       Spear             |       |       |       |       |   147 ||   147
 Fire: Hunting sling     |       |       |     4 |     8 |       ||    12
Throw: Throwing net      |       |       |       |     1 |       ||     1
Invok: Heroism           |       |       |     1 |    11 |     9 ||    21
       Finesse           |       |       |       |     1 |     1 ||     2
Evoke: Wand              |       |       |     1 |    11 |     6 ||    18
       Phial of floods   |       |       |       |       |     1 ||     1
  Use: Scroll            |       |     3 |     6 |    15 |     7 ||    31
       Potion            |       |     3 |       |     7 |     3 ||    13
 Stab: Petrified         |       |       |       |       |     7 ||     7
Armor: Scale mail        |    44 |    39 |       |       |       ||    83
       Chain mail        |       |     9 |   154 |   185 |       ||   348
       Plate armour      |       |       |       |   406 |   197 ||   603
       Fire dragon scale |       |       |       |       |    37 ||    37
Dodge: Dodged            |    36 |    22 |    71 |   208 |    97 ||   434
       Repelled          |       |       |       |       |     3 ||     3
Block: Kite shield       |    43 |    45 |   178 |   635 |   407 ||  1308
       Reflection        |       |       |       |       |     9 ||     9
